 Dungeon Crawl Stone Soup version 0.25.0-9-g26727b657a (webtiles) character file.

Game seed: 16296177474549371338

64 HoaS the Shield-Bearer (level 4, -1/29 HPs)
             Began as a Gargoyle Fighter on June 17, 2020.
             Slain by an orc warrior
             ... wielding a +0 hand axe
              (9 damage)
             ... on level 3 of the Dungeon.
             The game lasted 00:03:42 (2028 turns).

HoaS the Shield-Bearer (Gargoyle Fighter)           Turns: 2028, Time: 00:03:43

Health: -1/29      AC: 10    Str: 20    XL:     4   Next: 12%
Magic:  4/4        EV:  7    Int:  9    God:
Gold:   120        SH:  9    Dex:  9    Spells: 3/3 levels left

rFire    . . .     SeeInvis .   a - +0 flail
rCold    . . .     Gourm    .   c - +0 kite shield
rNeg     + . .     Faith    .   b - +0 scale mail
rPois    ∞         Spirit   .   (no helmet)
rElec    +         Reflect  .   (no cloak)
rCorr    +         Harm     .   (no gloves)
MR       .....                  (no boots)
Stlth    ..........             (no amulet)
HPRegen  0.09/turn              p - ring of resist corrosion
MPRegen  0.09/turn              (no ring)

@: mighty
A: negative energy resistance 1, electricity resistance, unbreathing,
petrification resistance, rot immunity, AC +3
a: no special abilities


You were on level 3 of the Dungeon.
You were not hungry.

You visited 1 branch of the dungeon, and saw 3 of its levels.

You collected 120 gold pieces.

Inventory:

Hand Weapons
 a - a +0 flail (weapon)
Armour
 b - a +0 scale mail (worn)
 c - a +0 kite shield (worn)
Jewellery
 p - a ring of resist corrosion (left hand)
Scrolls
 k - a scroll of identify
 l - a scroll of remove curse
 m - a scroll of blinking {unknown}
 n - 4 scrolls of teleportation {unknown}
Potions
 e - a potion of brilliance {unknown}
 j - 4 potions of curing {unknown}
Comestibles
 f - 5 rations


   Skills:
 + Level 3.8 Fighting
 * Level 3.4 Maces & Flails
 - Level 3.2 Armour
 + Level 3.8 Shields


You had 3 spell levels left.
You didn't know any spells.
Your spell library was empty.

Dungeon Overview and Level Annotations

Branches:
Dungeon (3/15)

Altars:
Sif Muna


Innate Abilities, Weirdness & Mutations

You are resistant to torment.
Your stone body is resilient. (AC +3)
You are immune to poison.
You resist negative energy. (rN+)
You are resistant to electric shocks. (rElec)
You can survive without breathing.
You are immune to petrification.
You are immune to rotting.


Message History

You block the orc warrior's attack.
The orc shouts!
You hit the orc warrior.
The orc warrior is lightly wounded.
The orc warrior hits you with a +0 hand axe.
You closely miss the orc warrior.
The orc warrior is lightly wounded.
The orc warrior hits you with a +0 hand axe!
You closely miss the orc warrior.
The orc warrior is lightly wounded.
The orc warrior hits you with a +0 hand axe.
You sock the orc warrior!
The orc warrior is moderately wounded.
The orc warrior hits you with a +0 hand axe.
* * * LOW HITPOINT WARNING * * *
Your shield and scale mail prevent you from hitting the orc warrior.
The orc warrior is moderately wounded.
You block the orc warrior's attack.
The orc warrior hits you with a +0 hand axe!
You die...

###.#
#...#
#.###
#.####
#....#
####.#
#o#
#o#
#@#
#.#
#.#
#.#
#.#
..#
###


You could see an orc warrior and an orc.

Vanquished Creatures
  An adder (D:2)
  2 oozes (D:1)
  A dart slug (D:1)
  2 leopard geckos (D:1)
  2 bats (D:1)
  A giant cockroach (D:1)
  6 goblins
  6 hobgoblins
  4 jackals
  6 kobolds
  A ball python (D:1)
  4 frilled lizards
  5 rats
41 creatures vanquished.

Notes
Turn   | Place    | Note
-------+----------+-------------------------------------------
     0 | D:1      | HoaS the Gargoyle Fighter began the quest for the Orb.
     0 | D:1      | Reached XP level 1. HP: 14/14 MP: 1/1
    36 | D:1      | Reached XP level 2. HP: 19/19 MP: 2/2
   348 | D:1      | Reached XP level 3. HP: 16/23 MP: 3/3
  1221 | D:2      | Found a shimmering blue altar of Sif Muna.
  1320 | D:2      | Reached XP level 4. HP: 25/29 MP: 4/4
  1999 | D:3      | Noticed an orc warrior
  2028 | D:3      | Slain by an orc warrior

Illustrated notes

Levels and vault maps discovered:
D:1:      dpeg_arrival_pits, layout_basic, serial_glass, glass_columns_a,
          glass_columns_a, glass_columns_a, glass_columns_b, glass_columns_c,
          glass_columns_a, glass_columns_b, glass_columns_a,
          due_unseen_surprise, feat_on_display, feat_on_display
D:2:      layout_loops_ring, chequers_arboretum, led_sif_pool
D:3:      minmay_angry_zag, layout_loops_cross, lightli_temple_of_fire,
          minmay_misc_feat_more_columns, corner_web_ring

Skill      XL: |  1  2  3 |
---------------+----------+-----
Maces & Flails | 3 |  3.4
Fighting       | |  3.8
Armour         | |  3.2
Shields        | |  3.8

Action                   |  1- 3 |  4- 6 || total
-------------------------+-------+-------++-------
Melee: Flail             |   157 |    21 ||   178
  Use: Scroll            |       |     3 ||     3
       Potion            |       |     1 ||     1
  Eat: Chunk             |     2 |     2 ||     4
Armor: Scale mail        |    94 |     5 ||    99
Dodge: Dodged            |    69 |     3 ||    72
Block: Kite shield       |   101 |    10 ||   111
